 Dungeon Crawl Stone Soup version 0.26-a0-505-g732bf3b8d2 (webtiles) character file.

Game seed: 869966663472258448

394 KristoblXynda the Ducker (level 6, -4/47 HPs)
             Began as a Vampire Gladiator on Aug 9, 2020.
             Slain by Pikel
             ... wielding a +0 whip of electrocution
              (13 damage)
             ... on level 5 of the Dungeon.
             The game lasted 00:04:18 (2567 turns).

KristoblXynda the Ducker (Vampire Gladiator)        Turns: 2567, Time: 00:04:19

Health: -4/47      AC: 10    Str: 15    XL:     6   Next: 51%
Magic:  6/6        EV: 13    Int: 17    God:
Gold:   226        SH:  0    Dex: 15    Spells: 5/5 levels left

rFire    . . .     SeeInvis +   a - +0 long sword
rCold    + . .     Faith    .   (no shield)
rNeg     . . .     Spirit   .   s - +0 ring mail
rPois    .         Reflect  .   c - +0 helmet
rElec    .         Harm     .   u - +0 cloak
rCorr    .                      o - +1 pair of gloves
MR       .....                  t - +0 pair of boots
Stlth    ++........             e - amulet of regeneration
HPRegen  0.75/turn              q - ring of protection from cold
MPRegen  0.10/turn              w - +6 ring of intelligence

@: regenerating quickly
A: fangs 3, see invisible, unbreathing
a: Exsanguinate


You were on level 5 of the Dungeon.
You visited 1 branch of the dungeon, and saw 5 of its levels.

You collected 226 gold pieces.

Inventory:

Hand Weapons
 a - a +0 long sword (weapon)
Missiles
 d - 4 throwing nets (quivered)
Armour
 c - a +0 helmet (worn)
 o - a +1 pair of gloves (worn)
 s - a +0 ring mail (worn)
 t - a +0 pair of boots (worn)
 u - a +0 cloak (worn)
Jewellery
 e - an amulet of regeneration (around neck)
 q - a ring of protection from cold (left hand)
 w - a +6 ring of intelligence (right hand)
Wands
 v - a wand of acid (7)
Scrolls
 b - a scroll of fear {unknown}
 f - 6 scrolls of remove curse
 g - a scroll of magic mapping {unknown}
 h - a scroll of enchant weapon {unknown}
 j - 4 scrolls of teleportation {unknown}
 l - a scroll of blinking
 r - 2 scrolls of immolation {unknown}
Potions
 i - a potion of invisibility
 k - 2 potions of heal wounds
 m - a potion of stabbing
 n - a potion of flight {unknown}
 p - a potion of magic


   Skills:
 - Level 3.1 Fighting
 + Level 4.5 Long Blades
 - Level 2.0 Throwing
 + Level 1.0 Armour
 + Level 4.9 Dodging
 + Level 4.3 Stealth


You had 5 spell levels left.
You didn't know any spells.
Your spell library was empty.

Dungeon Overview and Level Annotations

Branches:
Dungeon (5/15)             Temple (0/1) D:5

Altars:
Gozag
Sif Muna
Wu Jian

Annotations:
D:5 Pikel


Innate Abilities, Weirdness & Mutations

Your natural rate of healing is unusually fast.
You have razor-sharp teeth.
You have supernaturally acute eyesight. (SInv)
You can survive without breathing.


Message History

Pikel hits you but does no damage.
You are electrocuted!
You barely miss Pikel.
Pikel is heavily wounded.
Pikel hits you but does no damage.
You barely miss Pikel.
Pikel is heavily wounded.
Pikel hits you but does no damage.
Pikel hits you with a +0 whip of electrocution.
You are electrocuted!!
* * * LOW HITPOINT WARNING * * *
You barely miss Pikel.
Pikel is heavily wounded.
Pikel hits you with a +0 whip of electrocution.
* * * LOW HITPOINT WARNING * * *
You slash Pikel!
Pikel is heavily wounded.
Pikel hits you with a +0 whip of electrocution.
* * * LOW HITPOINT WARNING * * *
You are electrocuted!
You die...

#.......# #.......# ...#
#...(...### ...####
#.......... ......
#..)....### .....
#.......# .5.#
####.......# $..##..
.^.#.......#######55.....
>8..............@K5#
########....#...####
#######..######?#
........## #..# .########
##... ###. #


You could see Pikel and 3 lemures.

Vanquished Creatures
  A bullfrog (D:3)
  A howler monkey (D:4)
  A hound (D:4)
  A centaur skeleton (D:4)
  Natasha (thrice) (D:3)
  2 worker ants (D:4)
  2 oozes (D:2)
  3 worms
  A dart slug (D:1)
  A leopard gecko (D:4)
  3 orcs
  6 giant cockroaches
  13 goblins
  15 hobgoblins
  2 jackals (D:5)
  A quokka (D:3)
  9 bats
  8 frilled lizards
  A jackal skeleton (D:4)
  6 kobolds
  A leopard gecko skeleton (D:4)
  A quokka skeleton (D:3)
  8 rats
90 creatures vanquished.

Notes
Turn   | Place    | Note
-------+----------+-------------------------------------------
     0 | D:1      | KristoblXynda the Vampire Gladiator began the quest for the
                  | Orb.
     0 | D:1      | Reached XP level 1. HP: 16/16 MP: 1/1
   128 | D:1      | Reached XP level 2. HP: 22/22 MP: 2/2
   989 | D:2      | Reached XP level 3. HP: 20/27 MP: 3/3
  1296 | D:2      | Reached skill level 1 in Stealth
  1451 | D:3      | Reached XP level 4. HP: 25/34 MP: 4/4
  1642 | D:3      | Noticed Natasha
  1652 | D:3      | Killed Natasha
  1654 | D:3      | Noticed Natasha
  1662 | D:3      | Killed Natasha
  1739 | D:3      | Reached XP level 5. HP: 40/40 MP: 5/5
  1988 | D:3      | Noticed Natasha
  1994 | D:3      | Killed Natasha
  2008 | D:3      | Found an opulent altar of Gozag.
  2008 | D:3      | Found an ornate altar of the Wu Jian Council.
  2090 | D:3      | Found a shimmering blue altar of Sif Muna.
  2187 | D:4      | Reached XP level 6. HP: 40/47 MP: 6/6
  2370 | D:4      | Reached skill level 1 in Armour
  2519 | D:5      | Entered Level 5 of the Dungeon
  2534 | D:5      | Found a staircase to the Ecumenical Temple.
  2550 | D:5      | Noticed Pikel
  2567 | D:5      | Slain by Pikel

Illustrated notes

Levels and vault maps discovered:
D:1:      minmay_arrival_stair_chambers, layout_basic, corner_web_ring,
          serial_bayou_lagoon_a
D:2:      cheibrodos_greedy_goblins, layout_rooms
D:3:      minmay_diamond_boxcup, layout_rooms, lemuel_blue_sif_altar,
          gammafunk_temple_overflow_wave, lightli_corner_chamber, uniq_natasha
D:4:      layout_rooms
D:5:      layout_rooms, temple_statues, serial_shops,
          nicolae_shop_overgrown_old_shop, shop, shop, shop, shop, uniq_pikel,
          uniq_edmund, uniq_sigmund

Skill      XL: |  1  2  3  4  5  6 |
---------------+-------------------+-----
Fighting       | 2 3 |  3.1
Throwing       | 2 |  2.0
Stealth        | 1 2 3 4 |  4.3
Dodging        | 4 |  4.9
Long Blades    | 4 |  4.5
Armour         | 1 |  1.0

Action                   |  1- 3 |  4- 6 || total
-------------------------+-------+-------++-------
Melee: Long sword        |   132 |   147 ||   279
       Bite              |    11 |    14 ||    25
  Use: Scroll            |       |     6 ||     6
 Stab: Sleeping          |       |     3 ||     3
       Distracted        |       |     1 ||     1
Armor: Leather armour    |    28 |     6 ||    34
       Ring mail         |       |    58 ||    58
Dodge: Dodged            |    96 |   115 ||   211
       Rpst.: Long sword |    37 |    34 ||    71

Table legend: (Time is in decaauts)
 A = Elapsed time spent in this place.
 B = Non-inter-level travel time spent in this place.
 C = Inter-level travel time spent in this place.
 D = Time resting spent in this place.
 E = Time spent auto-exploring this place.
 F = Levels seen in this place.
 G = Mean time per level.
                   A        B        C        D        E       F      G
               +--------+--------+--------+--------+--------+-----+--------+
         Total |   2642 |   2554 |     88 |    235 |   1434 |   5 |  528.4 |
       Dungeon |   2642 |   2554 |     88 |    235 |   1434 |   5 |  528.4 |
               +--------+--------+--------+--------+--------+-----+--------+

Top non-repeatable levels by time:
     D:2: 798 daAuts
     D:3: 702 daAuts
     D:1: 676 daAuts
     D:4: 414 daAuts
     D:5: 51 daAuts
